 Dungeon Crawl Stone Soup version 0.18-a0-1126-ga2d7f46 (webtiles) character file.

541 lysy the Firebug (level 7, -6/36 HPs)
             Began as a Deep Elf Fire Elementalist on Jan 20, 2016.
             Killed from afar by Dowan (16 damage)
             ... with a stone arrow
             ... on level 4 of the Dungeon.
             The game lasted 00:13:19 (4159 turns).

lysy the Firebug (Deep Elf Fire Elementalist)       Turns: 4159, Time: 00:13:20

Health: -6/36      AC:  4    Str:  5    XL:     7   Next: 5%
Magic:  1/15       EV: 17    Int: 30    God:
Gold:   114        SH:  0    Dex: 21    Spells: 3 memorised, 6 levels left

rFire  . . .     SeeInvis .     a - +1 dagger of Besei {venom, Int+4}
rCold  . . .     Gourm    +     s - +0 leather armour {rPois}
rNeg   . . .     Faith    .     (no shield)
rPois  +         Spirit   .     (no helmet)
rElec  .         Dismiss  .     i - +0 cloak
rCorr  .         Reflect  .     (no gloves)
SustAt .         Harm     .     (no boots)
MR     .....                    j - amulet of the gourmand
Stlth  ++........               (no ring)
                                (no ring)

@: confused, brilliant, agile, not resistant to hostile enchantments, unstealthy
A: no striking features
a: no special abilities


You were on level 4 of the Dungeon.
You were very full.

You visited 1 branch of the dungeon, and saw 6 of its levels.

You collected 114 gold pieces.


   Skills:
 - Level 2.4 Dodging
 - Level 2.4 Stealth
 + Level 4.4 Spellcasting
 + Level 5.8 Conjurations
 - Level 6.0 Fire Magic


You had 6 spell levels left.
You knew the following spells:

 Your Spells              Type           Power        Failure   Level  Hunger
x - Sticky Flame          Conj/Fire      ######..     1%          4    ###....
z - Flame Tongue          Conj/Fire      #####        1%          1    None
Z - Conjure Flame         Conj/Fire      ######..     1%          3    #......

Inventory:

Hand Weapons
 a - the +1 dagger of Besei (weapon) {venom, Int+4}

   It poisons the flesh of those it strikes.
   It affects your intelligence (+4).
 l - a +0 dagger of venom
 t - a +3 quarterstaff of chaos
Missiles
 d - 115 stones (quivered)
 e - 14 poisoned needles
Armour
 g - a +0 leather armour
 i - a +0 cloak (worn)
 r - a +1 cloak of invisibility
 s - a +0 leather armour of poison resistance (worn)
Jewellery
 h - an uncursed amulet of dismissal
 j - an amulet of the gourmand (around neck)
Scrolls
 f - 3 scrolls of identify {@r1}
 m - a scroll of remove curse
 q - a scroll of recharging
Potions
 o - 2 potions of poison
Books
 b - a book of Flames

   Spells                             Type                      Level
   a - Flame Tongue                   Conjuration/Fire             1
   b - Throw Flame                    Conjuration/Fire             2
   c - Conjure Flame                  Conjuration/Fire             3
   d - Inner Flame                    Hexes/Fire                   3
   e - Sticky Flame                   Conjuration/Fire             4
   f - Fireball                       Conjuration/Fire             5
Comestibles
 c - 4 bread rations
 k - 3 meat rations

Dungeon Overview and Level Annotations

Branches:
Dungeon (6/15)
 Temple: D:4-7

Altars:
Fedhas
Okawaru
Ru
Trog

Annotations:
D:4 Dowan
D:6 Grinder

.......▒▒▒ .▒▒▒▒..▒>▒.▒..
▒▒'▒▒▒)▒ ▒ ▒. .▒
▒...▒▒.O..▒ ▒.▒ ▒.▒▒▒.▒
▒.▒▒▒.▒▒▒.▒▒ ▒▒▒..▒
▒▒.▒▒▒..<. ▒............
..▒ .._▒▒▒..▒
▒.▒.......... .▒
▒▒)▒▒▒..▒ ▒.▒.....e....
.▒ ▒e▒
▒..▒▒▒▒▒.▒.......... ▒
▒▒'▒▒▒.....▒▒............
..).............e...▒▒.▒
.)...........(..........▒
...........(...)......▒..
......................▒
......................▒
........................
▒▒▒▒..................▒.[
.......)...........▒..
▒▒..............▒.▒▒▒


You could see Dowan.


Message History

Duvessa is covered in liquid flames!
Duvessa burns!
Duvessa misses you.
Dowan points at you and mumbles some strange words.
The puff of frost hits you!
* * * LOW HITPOINT WARNING * * *
Duvessa closely misses you.
Duvessa burns!
Duvessa burns!
Duvessa says, "I don't care about looks, I care about technique!"
Duvessa closely misses you.
Duvessa burns!
Duvessa burns!
You kill Duvessa!
Dowan seems overcome with grief, but rights himself reflexively soon after.
Dowan seems to find hidden reserves of power!
Your Spellcasting skill increases to level 4!
You have reached level 7!
Dowan hits you but does no damage.
Found a robe.
You don't have enough magic to cast that spell.
You barely miss Dowan.
Dowan mumbles some strange words.
Dowan blinks!
Dowan breathes, "And she was my only..."
Dowan zaps a wand.
You are confused.
Dowan zaps a wand.
You are more confused.
Dowan gestures at you while chanting. The stone arrow hits you!
You die...

Action                   |  1- 3 |  4- 6 |  7- 9 || total
-------------------------+-------+-------+-------++-------
Melee: Dagger            |    23 |    47 |     1 ||    71
Throw: Stone             |    20 |     3 |       ||    23
 Cast: Flame Tongue      |    42 |    72 |       ||   114
       Conjure Flame     |       |     9 |       ||     9
       Sticky Flame      |       |     1 |       ||     1
  Use: Scroll            |     2 |     2 |       ||     4
       Potion            |     2 |     3 |       ||     5
 Stab: Sleeping          |     2 |     3 |       ||     5
  Eat: Chunk             |     2 |    14 |       ||    16
       Beef jerky        |     1 |       |       ||     1

Vault maps used:
D:1:      dpeg_arrival_boxorama
D:3:      lemuel_crystal_altar, uniq_iyjb, uniq_crazy_yiuf_cottage
D:4:      elyvilon_altar_5, lemuel_doored_altar, uniq_duvessa, uniq_robin
D:5:      slow_altar_1, kennysheep_mini, old_standard_altar,
          portal_sewer_entry_f, first_bread, grunt_ministairs_14,
          ashenzari_altar_1, uniq_prince_ribbit1
D:6:      nicolae_overflow_hidden_temple, fedhas_altar_3,
          overflow_temple_1_default, overflow_temple_1_default,
          minmay_temple_entry_enclosed_plants, uniq_grinder

Notes
Turn   | Place    | Note
--------------------------------------------------------------
     0 | D:1      | lysy the Deep Elf Fire Elementalist began the quest for the Orb.
     0 | D:1      | Reached XP level 1. HP: 10/10 MP: 6/6
   336 | D:1      | Reached XP level 2. HP: 15/15 MP: 5/8
   444 | D:1      | Reached skill level 2 in Conjurations
   864 | D:2      | Reached XP level 3. HP: 19/19 MP: 7/9
   910 | D:2      | HP: 1/19 [kobold (4)]
  1237 | D:2      | Reached skill level 4 in Fire Magic
  2011 | D:3      | You fall through a shaft for 3 floors!
  2014 | D:6      | Noticed Grinder
  2037 | D:6      | Got a faintly glowing dagger
  2038 | D:6      | Identified the cursed +1 dagger of Besei {venom, Int+4} (You found it on level 6 of the Dungeon)
  2234 | D:6      | Noticed a scorpion
  2244 | D:6      | Killed a scorpion
  2244 | D:6      | Reached skill level 3 in Conjurations
  2244 | D:6      | Reached XP level 4. HP: 24/24 MP: 6/10
  2295 | D:6      | Found an iron altar of Okawaru.
  2325 | D:6      | Found a blossoming altar of Fedhas.
  2334 | D:6      | Learned a level 3 spell: Conjure Flame
  2339 | D:6      | Learned a level 4 spell: Sticky Flame
  2434 | D:5      | Entered Level 5 of the Dungeon
  2511 | D:4      | Noticed an ogre
  2516 | D:3      | Reached skill level 5 in Fire Magic
  2549 | D:3      | Reached XP level 5. HP: 24/28 MP: 2/11
  2551 | D:3      | Reached skill level 4 in Conjurations
  2843 | D:3      | Noticed Ijyb
  2850 | D:3      | Killed Ijyb
  2928 | D:3      | Reached XP level 6. HP: 17/32 MP: 6/12
  3325 | D:3      | Found a bloodstained altar of Trog.
  3340 | D:3      | Reached skill level 5 in Conjurations
  3340 | D:3      | Reached skill level 6 in Fire Magic
  3790 | D:3      | Noticed Crazy Yiuf
  3797 | D:3      | Killed Crazy Yiuf
  3956 | D:4      | Found a sacrificial altar of Ru.
  4075 | D:4      | Noticed Duvessa
  4130 | D:4      | Noticed Dowan
  4155 | D:4      | Killed Duvessa
  4155 | D:4      | Reached skill level 4 in Spellcasting
  4155 | D:4      | Reached XP level 7. HP: 10/36 MP: 0/15
  4159 | D:4      | Killed from afar by Dowan

Vanquished Creatures
  Duvessa (D:4)
  A scorpion (D:6)
  3 orc priests
  3 orc wizards (D:3)
  Crazy Yiuf (D:3)
  An iguana (D:3)
  Ijyb (D:3)
  A worker ant (D:6)
  A gnoll (D:6)
  2 adders
  4 giant geckos
  15 orcs
  7 bats
  5 giant cockroaches
  5 goblins
  4 hobgoblins
  4 jackals (D:2)
  A ball python (D:3)
  5 giant newts
  10 kobolds
  6 rats
81 creatures vanquished.
